 Dungeon Crawl Stone Soup version 0.19.4-9-g45fd643 (webtiles) character file.

15630 GordonOverkill the Fencer (level 12, 0/121 HPs)
             Began as a High Elf Berserker on Feb 15, 2017.
             Was a High Priest of Trog.
             Slain by a catoblepas (13 damage)
             ... on level 11 of the Dungeon on Feb 16, 2017.
             The game lasted 00:28:14 (14046 turns).

GordonOverkill the Fencer (High Elf Berserker)     Turns: 14046, Time: 00:28:14

Health: 0/121      AC: 18    Str: 23    XL:     12   Next: 2%
Magic:  13/13      EV: 14    Int: 15    God:    Trog [*****.]
Gold:   439        SH:  0    Dex: 18    Spells: 0 memorised, 11 levels left

rFire  + . .     SeeInvis .     O - +10 great sword "Feuffun" {drain, rPois Stlth+}
rCold  . . .     Gourm    .     q - +0 chain mail
rNeg   . . .     Faith    .     (shield currently unavailable)
rPois  +         Spirit   .     d - +2 helmet
rElec  .         Reflect  .     I - +0 cloak
rCorr  .         Harm     .     l - +0 pair of gloves
MR     +....                    F - +2 pair of boots
Stlth  ..........               N - amulet of magic regeneration
                                w - ring of protection from fire
                                y - +3 ring of intelligence

@: berserking, very quick
A: no striking features
a: Berserk, Trog's Hand, Brothers in Arms, Burn Spellbooks, Renounce Religion


You were on level 11 of the Dungeon.
You worshipped Trog.
Trog was extremely pleased with you.
You were very hungry.

You visited 1 branch of the dungeon, and saw 11 of its levels.
You also visited: Sewer.

You collected 439 gold pieces.

Inventory:

Hand Weapons
 f - a +2 short sword of venom
 G - a +0 scimitar
 M - a +2 falchion of electrocution
 O - the +10 great sword "Feuffun" (weapon) {drain, rPois Stlth+}
   (Trog gifted it to you on level 11 of the Dungeon)

   A truly terrible weapon, it drains the life of those it strikes.
   It protects you from poison.
   It makes you more stealthy.
Missiles
 p - a throwing net (quivered)
Armour
 d - a +2 helmet (worn)
 l - a +0 pair of gloves (worn)
 m - a +0 shield
 q - a +0 chain mail (worn)
 F - a +2 pair of boots (worn)
 I - a +0 cloak (worn)
Jewellery
 w - a ring of protection from fire (right hand)
 y - a +3 ring of intelligence (left hand)
 C - an uncursed ring of fire
 N - an amulet of magic regeneration (around neck)
 P - an uncursed ring of protection from fire
 Q - an uncursed ring of ice
Wands
 t - a wand of iceblast (5/15)
 v - a wand of confusion (20/48)
 A - a wand of polymorph (9/24)
 K - a wand of lightning (6/15)
 L - a wand of polymorph (6/24)
Scrolls
 b - a scroll of magic mapping
 e - 2 scrolls of teleportation
 g - 3 scrolls of remove curse
 o - a scroll of fear
 s - 2 scrolls of identify
 x - 3 scrolls of amnesia
 B - 2 scrolls of enchant weapon
 J - 4 scrolls of recharging
Potions
 i - 2 potions of haste
 k - 6 potions of brilliance
 r - a potion of lignification
 u - 6 potions of curing
 D - a potion of resistance
 E - 4 potions of flight
 H - a potion of agility
Comestibles
 a - a chunk of flesh
 c - 6 bread rations
 h - 10 royal jellies
 j - 7 meat rations
 n - 4 fruits


   Skills:
 + Level 7.2 Fighting
 * Level 16.1 Long Blades
 - Level 5.3 Armour
 + Level 9.1 Dodging
 - Level 6.6 Shields


You had 11 spell levels left.
You didn't know any spells.

Dungeon Overview and Level Annotations

Branches:
Dungeon (12/15)            Temple (0/1) D:5            Lair (0/6) D:8
    Orc: D:9-12

Altars:
Ashenzari
Fedhas
Gozag
Kikubaaqudgha
Makhleb
Qazlal
Yredelemnul
The Shining One


Message History

* * * LOW HITPOINT WARNING * * *
You climb upwards.
There is a stone staircase leading down here.
You feel much better. The catoblepas gores you!!
* * * LOW HITPOINT WARNING * * *
Unknown command.
Okay, then.
You feel much better.
The catoblepas gores you but does no damage.
A red film seems to cover your vision as you go berserk!
You feel yourself moving faster!
You feel mighty!
You are feeling very hungry.
The catoblepas gores you!!
* * * LOW HITPOINT WARNING * * *
You slice the catoblepas!!
The catoblepas is moderately wounded.
You slash the catoblepas! You drain the catoblepas!
The catoblepas is severely wounded.
The catoblepas gores you!
You die...

#.................
##################
##################
#@...........(....
#Y........<.......
#.################
#.# #.# #.# #.#
#.################
#.................


You could see a catoblepas.

Vanquished Creatures
  Gastronok (D:12)
  The ghost of maxonian the Fighter, a journeyman NaFi of Cheibriados (D:9)
  Fannar (D:11)
  A deep elf knight (D:12)
  A deep elf archer (D:12)
  A hill giant (D:12)
  A harpy (D:12)
  2 deep elf magi (D:12)
  2 trolls (D:11)
  A hornet (D:11)
  2 two-headed ogres (D:8)
  A hippogriff (D:8)
  7 spriggans (D:8)
  3 yaks (D:11)
  2 basilisks (D:12)
  4 hungry ghosts
  Edmund (D:5)
  Duvessa (D:6)
  A water moccasin (D:9)
  Menkaure (D:7)
  3 ice beasts
  3 sky beasts
  2 necrophages
  A phantom (D:11)
  7 ogres
  6 centaurs
  A crocodile (D:8)
  8 big kobolds
  A gnoll sergeant (D:5)
  5 bullfrogs
  Dowan (D:6)
  A wyvern skeleton (D:11)
  4 scorpions
  6 killer bees
  8 wights
  5 howler monkeys
  4 crimson imps
  2 quasits
  A centaur zombie (D:7)
  8 orc priests
  A centaur skeleton (D:4)
  7 jellies
  5 hounds
  7 orc wizards
  4 bullfrog skeletons
  Jessica (D:2)
  Ijyb (D:3)
  4 iguanas
  13 worker ants
  2 hound zombies
  3 hound skeletons
  A howler monkey zombie (D:7)
  4 gnolls (D:5)
  17 adders
  2 river rats (Sewer)
  A shadow imp (D:11)
  9 oozes
  3 worms
  2 dart slugs
  4 leopard geckos
  23 orcs
  5 ball pythons
  9 bats
  10 giant cockroaches
  7 goblins
  12 hobgoblins
  13 jackals
  44 kobolds
  7 quokkas
  9 frilled lizards
  A jackal skeleton (D:5)
  A quokka skeleton (D:5)
  29 rats
373 creatures vanquished.

Vanquished Creatures (others)
  A withered plant (D:12)
1 creature vanquished.

Grand Total: 374 creatures vanquished

Notes
Turn   | Place    | Note
-------+----------+-------------------------------------------
     0 | D:1      | GordonOverkill the High Elf Berserker began the quest for the Orb.
     0 | D:1      | Reached XP level 1. HP: 16/16 MP: 2/2
   283 | D:1      | Reached skill level 4 in Long Blades
   291 | D:1      | Reached XP level 2. HP: 8/21 MP: 3/3
  1472 | D:2      | Reached XP level 3. HP: 21/26 MP: 4/4
  1882 | D:2      | Reached skill level 5 in Long Blades
  2006 | D:2      | Reached XP level 4. HP: 26/31 MP: 5/5
  2124 | D:2      | Reached ** piety under Trog
  2271 | D:2      | Noticed Jessica
  2281 | D:2      | Killed Jessica
  2668 | D:3      | Reached XP level 5. HP: 33/37 MP: 6/6
  2889 | D:3      | Reached skill level 6 in Long Blades
  3095 | D:3      | Noticed Ijyb
  3104 | D:3      | Killed Ijyb
  3310 | D:3      | Reached *** piety under Trog
  3310 | D:3      | Reached XP level 6. HP: 43/43 MP: 7/7
  3735 | D:3      | Found a shattered altar of Ashenzari.
  3736 | D:3      | Found a glowing golden altar of the Shining One.
  3738 | D:3      | Found a stormy altar of Qazlal.
  3740 | D:3      | Found an ancient bone altar of Kikubaaqudgha.
  3741 | D:3      | Found a burning altar of Makhleb.
  3743 | D:3      | Found a basalt altar of Yredelemnul.
  4013 | D:4      | Reached skill level 7 in Long Blades
  4511 | D:4      | Reached XP level 7. HP: 49/49 MP: 8/8
  5005 | D:5      | Entered Level 5 of the Dungeon
  5034 | D:5      | Found a glowing drain.
  5059 | Sewer    | Entered a sewer
  5206 | Sewer    | Reached **** piety under Trog
  5224 | Sewer    | Reached skill level 8 in Long Blades
  5258 | Sewer    | Reached skill level 5 in Fighting
  5403 | Sewer    | Reached skill level 5 in Dodging
  5866 | D:5      | Found a staircase to the Ecumenical Temple.
  5907 | D:5      | Reached skill level 9 in Long Blades
  5907 | D:5      | Reached XP level 8. HP: 42/55 MP: 9/9
  5976 | D:5      | Reached ***** piety under Trog
  6257 | D:5      | Noticed Edmund
  6288 | D:5      | Killed Edmund
  6288 | D:5      | Reached skill level 10 in Long Blades
  6609 | D:5      | Found an opulent altar of Gozag.
  7046 | D:6      | Reached XP level 9. HP: 51/63 MP: 10/10
  7174 | D:6      | Noticed Dowan
  7176 | D:6      | Noticed Duvessa
  7195 | D:6      | Killed Duvessa
  7195 | D:6      | Reached skill level 1 in Shields
  7198 | D:6      | Killed Dowan
  7262 | D:6      | Reached skill level 11 in Long Blades
  8686 | D:7      | Noticed Menkaure
  8696 | D:7      | Killed Menkaure
  9005 | D:7      | Reached skill level 12 in Long Blades
  9514 | D:8      | Reached XP level 10. HP: 68/69 MP: 11/11
  9785 | D:8      | Reached skill level 13 in Long Blades
  9788 | D:8      | Received a gift from Trog
  9843 | D:8      | Reached skill level 5 in Armour
 10024 | D:8      | Found a staircase to the Lair.
 10168 | D:8      | Found a blossoming altar of Fedhas.
 10842 | D:8      | Reached skill level 5 in Shields
 11202 | D:9      | Reached skill level 14 in Long Blades
 11446 | D:9      | Noticed maxonian's ghost (journeyman NaFi)
 11472 | D:9      | Killed maxonian's ghost
 11472 | D:9      | Reached XP level 11. HP: 74/74 MP: 12/12
 11799 | D:9      | You fall through a shaft for 3 floors!
 11998 | D:12     | Noticed a deep elf mage
 12001 | D:12     | Noticed a deep elf archer
 12003 | D:12     | Noticed a deep elf knight
 12008 | D:12     | Noticed a deep elf mage
 12016 | D:12     | Killed a deep elf mage
 12023 | D:12     | Killed a deep elf knight
 12029 | D:12     | Killed a deep elf archer
 12031 | D:12     | Killed a deep elf mage
 12295 | D:12     | Received a gift from Trog
 12322 | D:12     | Noticed a hill giant
 12335 | D:12     | Killed a hill giant
 12335 | D:12     | Reached skill level 15 in Long Blades
 12707 | D:12     | Noticed a harpy
 12718 | D:12     | Killed a harpy
 12724 | D:12     | Noticed Gastronok
 13425 | D:11     | Received a gift from Trog
 13442 | D:11     | Got a dazzling great sword {god gift}
 13450 | D:11     | Identified the +10 great sword "Feuffun" {drain, rPois Stlth+} (Trog gifted it to you on level 11 of the Dungeon)
 13585 | D:11     | Noticed Fannar
 13598 | D:11     | Killed Fannar
 13726 | D:11     | Upgraded the game from 0.19.4-8-ga85b6b9 to 0.19.4-9-g45fd643
 14019 | D:12     | Killed Gastronok
 14019 | D:12     | Reached skill level 16 in Long Blades
 14019 | D:12     | Reached XP level 12. HP: 34/80 MP: 13/13
 14025 | D:12     | Noticed a catoblepas
 14040 | D:12     | HP: 1/80 [catoblepas (23)]
 14046 | D:11     | Slain by a catoblepas

Skill      XL: |  1  2  3  4  5  6  7  8  9 10 11 |
---------------+----------------------------------+-----
Long Blades    | 4 5 6 7 9 10 12 14 16 | 16.1
Dodging        | 3 4 5 6 7 9 |  9.1
Fighting       | 4 5 6 7 |  7.2
Armour         | 4 5 |  5.3
Shields        | 3 5 6 |  6.6

Action                   |  1- 3 |  4- 6 |  7- 9 | 10-12 || total
-------------------------+-------+-------+-------+-------++-------
Melee: Falchion          |     9 |       |       |   144 ||   153
       Short sword       |    85 |   211 |   580 |       ||   876
       Scimitar          |       |       |    87 |   331 ||   418
       Great sword       |       |       |       |    38 ||    38
Invok: Berserk           |       |     4 |    10 |    16 ||    30
       Trog's Hand       |       |       |     4 |     2 ||     6
       Burn Spellbooks   |       |       |     1 |     2 ||     3
  Use: Scroll            |       |       |    22 |     3 ||    25
       Potion            |       |       |       |     2 ||     2
 Stab: Sleeping          |     1 |       |       |       ||     1
  Eat: Chunk             |     3 |    12 |    24 |    21 ||    60
       Fruit             |       |       |     3 |       ||     3
       Pizza             |       |       |     1 |     1 ||     2
       Meat ration       |       |       |       |     3 ||     3
Armor: Animal skin       |     5 |       |       |       ||     5
       Scale mail        |    13 |       |       |       ||    13
       Chain mail        |       |   111 |   322 |   201 ||   634
Dodge: Dodged            |    51 |    80 |   273 |   120 ||   524
Block: Shield            |       |       |    33 |   218 ||   251
       Rpst.: Falchion   |     2 |       |       |    11 ||    13
       Scimitar          |       |       |     9 |    15 ||    24
       Great sword       |       |       |       |     6 ||     6
